[Event "*** Titled Tuesday Blitz"]
[Site "Chess.com"]
[Date "2021.04.06"]
[Round "2"]
[White "DonPreuss"]
[Black "IANOV0007"]
[Result "0-1"]
[WhiteElo "2246"]
[BlackElo "2468"]
[TimeControl "180+1"]
[EndTime "10:19:54 PDT"]
[Termination "IANOV0007 won on time"]

1. d4 d6 2. e4 Nf6 3. Nc3 c6 4. f4 Qb6 5. Nf3 Bg4 6. Be2 Bxf3 7. Bxf3 e5 8. fxe5 dxe5 9. dxe5 Nfd7 10. Qe2 Nxe5 11. Rb1 Bc5 12. Bf4 Nbd7 13. Rf1 Bd4 14. Nd1 Qa5+ 15. c3 Bb6 16. a3 O-O 17. Be3 Rae8 18.
Bxb6 Qxb6 19. Ne3 Nc5 20. Kf2 Ncd3+ 21. Kg1 f5 22. Kh1 Nxf3 23. gxf3 fxe4 24. fxe4 Rxf1+ 25. Rxf1 Ne5 26. Nc4 Qb5 27. b3 Nxc4 28. bxc4 Qe5 29. Re1 Qxc3 30. e5 Qxa3 31. e6 Qd6 32. Qe4 g6 33. h4 Qg3 34. Re3 Qd6 35. e7 a5 36. c5 Qf6 37. Kg1 Kg7 38. Re2 a4 39. h5 Qg5+ 40. Rg2 Qxh5 41. Qd4+ Kg8 42. Qf6 Qd1+ 43.
Kh2 Qe1 44. Rf2 Qxe7 45. Qf3 Qe5+ 46. Kg1 Qe1+ 47. Kh2 Qe5+ 48. Kh1 Qe7 49. Kg1 a3 50.
Qxa3 Qe1+ 51. Kg2 Qe4+ 52. Kg1 Qd4 53. Qb3+ Kh8 54. Qf7 Rd8 55. Kg2 Qd5+ 56. Kg1 Qxf7 57. Rxf7 Rd5 58. Rxb7 Rxc5 59. Kg2 h5 60. Kg3 Rc4 61.
Kh3 g5 62. Kg3 Rc3+ 63. Kg2 g4 64. Rc7 h4 65. Kh2 Rc2+ 66. Kg1 g3 67. Kh1 h3 68. Rc8+ Kh7 69. Rc7+ Kh6 0-1

[Event "*** Titled Tuesday Blitz"]
[Site "Chess.com"]
[Date "2021.04.06"]
[Round "2"]
[White "NikolaGry"]
[Black "eduardoperalta"]
[Result "1-0"]
[WhiteElo "2722"]
[BlackElo "2499"]
[TimeControl "180+1"]
[EndTime "10:19:55 PDT"]
[Termination "NikolaGry won by resignation"]

1. b3 Nf6 2. Bb2 g6 3. Bxf6 exf6 4. c4 Bg7 5. Nc3 O-O 6. g3 d6 7. Bg2 f5 8. e3 Nd7 9. Nge2 Nf6 10. Rb1 c6 11. O-O Re8 12. b4 Bd7 13. b5 h5 14.
bxc6 bxc6 15. Qa4 Qc8 16. Qb4 Bf8 17. Qb7 Ne4 18. Qxc8 Raxc8 19. Rb7 Be6 20. Nxe4 fxe4 21. Rc1 a5 22. Bxe4 Bg4 23. Nc3 Bg7 24. Bg2 h4 25.
gxh4 Bf6 26. Rb6 Bd7 27. d4 Bxh4 28. Rcb1 Bf5 29. R1b2 c5 30. dxc5 Rxc5 31. Bd5 Bf6 32.
R2b3 Bh3 33. Nb5 a4 34. Rb1 Re5 35. Kh1 Rg5 36. Rg1 Rxg1+ 37. Kxg1 Be6 38. Bxe6 fxe6 39. Nxd6 Be7 40. Kg2 Rg5+ 41. Kf3 Rh5 42. Ne4 Kf7 43. c5 Bxc5 44. Rb5 Be7 45. Rxh5 gxh5 46. Kf4 Bd8 47. h3 Bh4 48. Ke5 Ke7 49. f4 Be1 50. f5 exf5 51.
Kxf5 a3 52. Ke5 h4 53. Kd5 Kd7 54. Nc5+ Kc7 55. e4 Kb6 56. e5 Bb4 57. Ne4 Kc7 58. e6 Kd8 59. Nd6 Ke7 60. Nf5+ Kf6 61. Nxh4 Be1 62.
Nf3 Bb4 63. h4 Be7 64. h5 Bf8 65. Ne5 Ke7 66. Ng6+ Ke8 67. Nxf8 Kxf8 68. Kd6 Ke8 69.
h6 Kf8 70. h7 Kg7 71. e7 1-0

[Event "*** Titled Tuesday Blitz"]
[Site "Chess.com"]
[Date "2021.04.06"]
[Round "2"]
[White "dosto07"]
[Black "atalz0"]
[Result "0-1"]
[WhiteElo "2232"]
[BlackElo "2454"]
[TimeControl "180+1"]
[EndTime "10:19:55 PDT"]
[Termination "atalz0 won on time"]

1. e4 c6 2. d4 d5 3. Nc3 dxe4 4.
Nxe4 Nd7 5. Bd3 Ngf6 6. Ng5 e6 7. N1f3 Bd6 8. Qe2 O-O 9. Bd2 Qe7 10. O-O-O b5 11. Ne5 Bb7 12. f4 h6 13. Ne4 Nxe4 14.
Qxe4 f5 15. Qe2 Bxe5 16. fxe5 c5 17. Bxb5 cxd4 18. Qc4 Nxe5 19. Qxd4 Qf6 20. Bc3 Ng4 21. Qd7 Qf7 22. Rhe1 Bxg2 23. Qxf7+ Rxf7 24. Bc4 Bd5 25.
Rxd5 exd5 26. Bxd5 Rd8 27. Bxf7+ Kxf7 28. h3 Nf6 29.
Re5 Rd5 30. Re2 Ne4 31. Bb4 g5 32. c4 Rd4 33. b3 Kg6 34. Kc2 Ng3 35. Re8 f4 36.
Bc5 Rd7 37. Rg8+ Kf5 38. b4 Ne4 39. Rf8+ Kg6 40. Bg1 Rf7 41. Rxf7 Kxf7 42. c5 Ke6 43. Kd3 Nf6 44. a4 Kd5 45. b5 Ne4 46. a5 f3 47.
Ke3 f2 48. c6 fxg1=Q+ 49. Kf3 Qf1+ 50. Kg4 Qf4+ 51. Kh5 Nd6 52. c7 Qh4+ 53. Kg6 Qe4+ 54. Kxh6 Qe6+ 55. Kh5 Qd7 56. c8=Q Qxc8 57. Kxg5 Qxh3 58.
Kf6 Qc8 59. Ke7 Nxb5 60. Kf6 a6 61. Kg5 Qc7 62. Kf6 Qxa5 63. Ke7 Qc7+ 64. Kf6 Qe5+ 65.
Kf7 Qe6+ 66. Kf8 Ke5 67. Kg7 Qf5 68. Kg8 Qf6 69. Kh7 Qg5 70. Kh8 Kf6 0-1

[Event "*** Titled Tuesday Blitz"]
[Site "Chess.com"]
[Date "2021.04.06"]
[Round "2"]
[White "olksuna"]
[Black "Grieve72"]
[Result "0-1"]
[WhiteElo "2678"]
[BlackElo "2498"]
[TimeControl "180+1"]
[EndTime "10:20:00 PDT"]
[Termination "Grieve72 won by resignation"]

1. e4 c5 2. Nf3 e6 3. d4 cxd4 4. Nxd4 Nc6 5. Nc3 Qc7 6. Be2 a6 7. O-O Nf6 8. Be3 Bb4 9. Nxc6 bxc6 10. Qd4 c5 11. Qc4 O-O 12. Na4 d5 13. exd5 exd5 14. Qb3 Be6 15. c4 Rab8 16. Qc2 d4 17. Bg5 Ng4 18.
g3 Rbe8 19. b3 Ba5 20. Bf3 Ne5 21. Bg2 Bg4 22. Bf4 Qa7 23. h3 Bh5 24. Nb2 Qd7 25.
Bxe5 Rxe5 26. g4 Bg6 27. Nd3 Re7 28. Rad1 Qd6 29. Qc1 Rfe8 30. Nf4 Be4 31. Nd5 Bxd5 32. Bxd5 Bc7 33. f4 Qh6 34. Bg2 Qh4 35. Qd2 Re3 36. Qf2 Qf6 37. g5 Qf5 38. Rde1 g6 39. Rxe3 Rxe3 40.
Kh1 Qe6 41. Kg1 Qe7 42. Kh1 Re2 43. Qf3 Kg7 44. Qd5 Bd6 45. f5 gxf5 46. Qxf5 Re3 47.
Qf6+ Qxf6 48. gxf6+ Kg6 49. Rg1 Kf5 50. Rf1+ Ke6 51.
Bd5+ Ke5 52. Bxf7 d3 53. Bh5 d2 54. Kg2 Re1 55. f7 Kd4 56. Bd1 Bf8 57. Bh5 Kc3 58. Bg4 Kc2 59. h4 Rxf1 60. Kxf1 d1=Q+ 61. Bxd1+ Kxd1 62. Kf2 Kc2 63. Kf3 Kb2 64. b4 cxb4 65. Ke4 Kxa2 66. c5 Bxc5 67. Kd5 Bf8 68. Kc4 b3 0-1

[Event "*** Titled Tuesday Blitz"]
[Site "Chess.com"]
[Date "2021.04.06"]
[Round "2"]
[White "Susal_De_Silva"]
[Black "Dave_ChessMate"]
[Result "1/2-1/2"]
[WhiteElo "2679"]
[BlackElo "2488"]
[TimeControl "180+1"]
[EndTime "10:20:05 PDT"]
[Termination "Game drawn - insufficient material"]

1. e4 c5 2. Nf3 Nc6 3. Bb5 e5 4. Bxc6 dxc6 5. O-O Bd6 6. d3 Ne7 7. Nc3 O-O 8. a4 f6 9. Be3 Be6 10. Nd2 Qc7 11. a5 b6 12. Nc4 Rfd8 13. Qe2 b5 14. Nxd6 Qxd6 15. f4 c4 16. Qf2 cxd3 17. Bxa7 exf4 18.
Bc5 Qc7 19. Bb6 Qe5 20. Bxd8 Rxd8 21. cxd3 g5 22. a6 Ra8 23. a7 Qd6 24. Qb6 Nc8 25. Qb7 Qd4+ 26. Kh1 Rxa7 27. Qxc6 Qd7 28. Qxb5 Qxb5 29.
Nxb5 Rb7 30. Nd4 Bd7 31. Rab1 Rb4 32. Ne2 Ne7 33. Nc3 Bc6 34. Rfd1 f5 35. e5 f3 36. d4 fxg2+ 37. Kg1 Bf3 38. Rd3 g4 39. d5 Ng6 40.
d6 Nf4 41. Rxf3 gxf3 42. Kf2 Rxb2+ 43. Rxb2 Nd3+ 44. Kxf3 g1=Q 45. Rg2+ Qxg2+ 46. Kxg2 Nxe5 47. Nb5 Kf7 48. Kg3 Ke6 49. Kf4 Nd7 50. Ke3 Nb6 51. Kd4 f4 52. Ke4 Kd7 53. Kxf4 Kc6 54. Nd4+ Kxd6 55.
Kf5 Ke7 56. Kg5 Kf7 57. Kh6 Kg8 58. Nf5 Nd5 59. h3 Nf6 60. Kg5 Kf7 61. Nh6+ Kg7 62.
Nf5+ Kf7 63. h4 Ng8 64. Nd6+ Kg7 65. h5 h6+ 66. Kf5 Ne7+ 67. Ke6 Ng8 68. Ne8+ Kf8 69.
Nc7 Kg7 70. Nb5 Nf6 71. Nd6 Nxh5 72. Nf5+ Kg6 73. Nxh6 1/2-1/2

[Event "*** Titled Tuesday Blitz"]
[Site "Chess.com"]
[Date "2021.04.06"]
[Round "2"]
[White "Volodar_Murzin"]
[Black "DinaBelenkaya"]
[Result "0-1"]
[WhiteElo "2744"]
[BlackElo "2358"]
[TimeControl "180+1"]
[EndTime "10:20:05 PDT"]
[Termination "DinaBelenkaya won on time"]

1. e4 d5 2. exd5 Qxd5 3. Nc3 Qa5 4. d4 Nf6 5. Nf3 c6 6. Bc4 Bf5 7. O-O e6 8. Re1 Be7 9. Bd2 Qb6 10. a3 O-O 11. b4 Nbd7 12. h3 Qc7 13. Nh4 Bg6 14.
Nxg6 hxg6 15. Qf3 Nb6 16. Bb3 Rfd8 17. Bf4 Qc8 18. Ne2 a5 19. c3 Nfd5 20. Bd2 axb4 21. axb4 Qd7 22. Ng3 Rxa1 23. Rxa1 Ra8 24. Rxa8+ Nxa8 25. Ne4 Nac7 26. g3 b5 27. h4 Ne8 28. Ng5 Bxg5 29.
hxg5 Qa7 30. Qd1 Nd6 31. Qb1 Nc4 32. Be1 Qa3 33. Kg2 Nb2 34. Qa2 Qxa2 35. Bxa2 Na4 36. Bxd5 cxd5 37. Bd2 Kf8 38. Kf3 Ke7 39. Ke2 Nb2 40.
Bf4 Nc4 41. Kd3 f6 42. Bc1 Nb6 43. Ke2 Nd7 44. Kf3 e5 45. Ke2 Ke6 46. gxf6 gxf6 47. Be3 Nb8 48. Kf1 Nc6 49. Ke2 Kf5 50. f3 e4 51. g4+ Ke6 52. f4 Ne7 53. Kf2 Nc8 54.
Ke2 Nd6 55. Bc1 Nc4 56. Kf2 Nb6 57. Ke2 Na4 58. Bd2 Nb2 59. Kf2 Nd3+ 60. Ke2 Kf7 61. Be3 Kg7 62. Bd2 Nb2 63. Kf2 Nc4 64. Bc1 Kh6 65. f5+ e3+ 66. Bxe3+ Nxe3 67. Kxe3 gxf5 68. Kf4 fxg4 69. Kxg4 Kg6 70. Kf4 f5 71. Ke5 Kg5 72. Kxd5 f4 73. Ke4 Kg4 74. d5 f3 75. d6 f2 76. d7 f1=Q 77. d8=Q Qe1+ 78. Kd5 Qd1+ 0-1

[Event "*** Titled Tuesday Blitz"]
[Site "Chess.com"]
[Date "2021.04.06"]
[Round "2"]
[White "shaheus"]
[Black "Carolina-moon"]
[Result "1-0"]
[WhiteElo "2404"]
[BlackElo "2110"]
[TimeControl "180+1"]
[EndTime "10:20:08 PDT"]
[Termination "shaheus won on time"]

1. e4 c5 2. Nf3 d6 3. c3 Nf6 4.
Qb3 Nbd7 5. d3 e6 6. g3 Be7 7. Bg2 O-O 8. O-O Rb8 9. a4 b6 10. Re1 a6 11. Bf4 b5 12. axb5 axb5 13. e5 dxe5 14.
Nxe5 Nxe5 15. Bxe5 Bd6 16. d4 Bb7 17. Bxb7 Rxb7 18.
Ra6 Rb6 19. Rxb6 Qxb6 20. Nd2 Nd5 21. Bxd6 Qxd6 22. Ne4 Qc6 23. Nxc5 Ra8 24. Qc2 h6 25.
Qe4 Ra2 26. Re2 Qd6 27. Kg2 Nf6 28. Qf3 g5 29. Ne4 Nxe4 30. Qxe4 Qd5 31. Qxd5 exd5 32. Kf3 Kg7 33. Ke3 Kf6 34. Kd3 h5 35. h3 Ra1 36.
Re5 Rf1 37. Ke2 Rb1 38. Rxd5 Rxb2+ 39. Ke3 Rb3 40. Rc5 b4 41. Kd3 bxc3 42. Rxc3 Rb2 43.
Rc2 Rb3+ 44. Ke4 Rb1 45. Rc6+ Kg7 46. Kf5 f6 47. Rc7+ Kh6 48. Kxf6 Rb6+ 49. Ke5 Rb2 50. Rf7 Kg6 51. Rf6+ Kg7 52. Rf5 Rb5+ 53. Ke4 Rb4 54. Rxg5+ Kh6 55. Rf5 Rb3 56. Rf3 Rb1 57.
Rd3 Re1+ 58. Kf3 Rf1 59. d5 Rb1 60. d6 Rb3 61. d7 Rxd3+ 62. Ke4 Rxd7 63. f4 Kg6 64. g4 hxg4 65. hxg4 Ra7 66. f5+ Kg5 67. Ke5 Ra4 68. Ke6 1-0

[Event "*** Titled Tuesday Blitz"]
[Site "Chess.com"]
[Date "2021.04.06"]
[Round "2"]
[White "EfrenRamos1"]
[Black "Dinamo3"]
[Result "0-1"]
[WhiteElo "2255"]
[BlackElo "2480"]
[TimeControl "180+1"]
[EndTime "10:20:09 PDT"]
[Termination "Dinamo3 won on time"]

1. d4 Nf6 2. c4 d6 3. Nf3 Nbd7 4. Nc3 e5 5. g3 Be7 6. Bg2 O-O 7. O-O c6 8. Qc2 Qc7 9. Rd1 exd4 10. Nxd4 Re8 11.
b3 a5 12. Bb2 Nc5 13. h3 Bf8 14. Rd2 g6 15. e3 Bg7 16. Rad1 Nfd7 17. Nf3 Bf8 18. Ba1 Ne5 19. Nxe5 dxe5 20. Ne4 Nxe4 21. Qxe4 Bf5 22. Qh4 Be7 23. Qh6 Rad8 24. Rxd8 Rxd8 25. Rxd8+ Bxd8 26. e4 Be6 27. Qd2 Be7 28. Bc3 b6 29. h4 Bc5 30. Qg5 Bd4 31. Bxd4 exd4 32. Qf6 Qd7 33. h5 gxh5 34. Qg5+ Kf8 35. Qh6+ Ke7 36. Qg5+ Kf8 37. Qh6+ Ke8 38. Qxh7 d3 39. Qg8+ Ke7 40.
Qg5+ Kf8 41. Qh6+ Ke8 42. Qd2 a4 43. Bf3 axb3 44. axb3 b5 45. cxb5 cxb5 46. b4 Qd4 47. Kg2 Qc4 48. Bxh5 Qc2 49. Qh6 Kd7 50. Qf6 Qc4 51.
Qe5 Qxb4 52. f4 d2 53. f5 Bb3 54. f6 Qd6 55. Qxb5+ Kc7 56. Qxb3 Qe5 57. Qxf7+ Kb6 58.
Qd5 Qb2 59. Kh3 Qxf6 60. Be2 Qc3 61. Qb5+ Kc7 62. Qc4+ Qxc4 63. Bxc4 d1=Q 64. Bd5 Qh1+ 65. Kg4 Qe1 66. Kf5 Kd6 67. g4 Qf2+ 68. Kg6 Ke5 69.
g5 Qh4 70. Bc6 Kf4 71. Bd5 Qxg5+ 72. Kf7 Ke5 0-1

[Event "*** Titled Tuesday Blitz"]
[Site "Chess.com"]
[Date "2021.04.06"]
[Round "2"]
[White "PLAYER_2006_M"]
[Black "GadimbayliA"]
[Result "0-1"]
[WhiteElo "2522"]
[BlackElo "2789"]
[TimeControl "180+1"]
[EndTime "10:20:12 PDT"]
[Termination "GadimbayliA won by checkmate"]

1. d4 d5 2. Nc3 Nf6 3. Bf4 g6 4.
h4 Bg7 5. Qd2 h6 6. O-O-O c6 7.
Nf3 Nbd7 8. Ne5 Nxe5 9. dxe5 Ng4 10. e4 d4 11. h5 g5 12. Bg3 Nxe5 13. Qxd4 Qxd4 14. Rxd4 O-O 15. Be2 Be6 16. Rhd1 b5 17.
a4 Nc4 18. e5 Nxe5 19. axb5 cxb5 20. Nxb5 Rfc8 21. Re4 Bf5 22. Rdd4 Nc6 23. Rc4 Bxe4 24. Rxe4 f5 25. Re6 f4 26. Bh2 a6 27. Na3 Nd4 28. Rxe7 Bf8 29. Re4 Nxe2+ 30. Rxe2 Bxa3 31. bxa3 Re8 32. Rd2 Rad8 33. Rxd8 Rxd8 34. f3 Kf7 35. Bg1 Ke6 36.
Bc5 Kf5 37. c3 g4 38. Kc2 gxf3 39. gxf3 Rd5 40. Bf8 Kg5 41. c4 Rf5 42. Be7+ Kxh5 43. c5 Re5 44. Bd6 Rd5 45. Kc3 Kg5 46. Kc4 Rd1 47.
Be7+ Kf5 48. c6 Ke6 49. Bf8 Rc1+ 50. Kd4 Rxc6 51. Bxh6 Kf5 52. Bf8 Rc8 53. Bb4 Rd8+ 54. Kc4 Rg8 55. Kd3 Rg3 56. Ke2 Rh3 57. Kf2 Rh2+ 58.
Kf1 Ra2 59. Ke1 Ke6 60. Bc5 Kd5 61. Bb4 Kd4 62. Bd2 Rxa3 63. Bxf4 Rxf3 64. Bc7 Kd3 65. Bb6 Rf5 66. Bc7 a5 67. Bd6 a4 68. Bb4 Kc4 69. Bd6 Kb3 70. Kd2 Rd5+ 71. Kc1 Rxd6 72.
Kb1 Rd1# 0-1

[Event "*** Titled Tuesday Blitz"]
[Site "Chess.com"]
[Date "2021.04.06"]
[Round "2"]
[White "tusplingher"]
[Black "blitzking1729"]
[Result "0-1"]
[WhiteElo "2317"]
[BlackElo "2620"]
[TimeControl "180+1"]
[EndTime "10:20:13 PDT"]
[Termination "blitzking1729 won by resignation"]

1. e4 d6 2. d4 Nf6 3. Nc3 e5 4. Nf3 Nbd7 5. Bc4 Be7 6. dxe5 Nxe5 7. Nxe5 dxe5 8. Qxd8+ Bxd8 9. O-O c6 10. Bg5 b5 11.
Bd3 Nd7 12. Bxd8 Kxd8 13. Rad1 Ke7 14. Be2 f6 15. Rd2 Nc5 16. Rfd1 b4 17. Nb1 Nxe4 18. Rd3 Nc5 19. Rd6 Bb7 20. a3 a5 21. axb4 axb4 22.
c3 b3 23. Na3 Rhd8 24. Nc4 Rxd6 25. Nxd6 Ra2 26. Bc4 g6 27. Nxb7 Nxb7 28. Bxb3 Rxb2 29. Ba4 Rb6 30. Bc2 Nd6 31. Kf1 Kd7 32. Ke2 Kc7 33. Bd3 Rb2+ 34. Rd2 Rxd2+ 35. Kxd2 Kb6 36. Kc2 Kc5 37.
Kb3 f5 38. f3 Ne8 39. Kc2 Nf6 40. Kd2 Nd5 41. Be2 Nf4 42. Bf1 Nd5 43. g3 Nc7 44. Bd3 Kd6 45. Ke3 Nd5+ 46. Kd2 c5 47. Bc4 Nf6 48. Bd3 e4 49. fxe4 fxe4 50. Be2 Ke5 51. h3 h5 52. Ke3 Nd5+ 53. Kd2 Ne7 54. Ke3 Nf5+ 55. Kf2 h4 56. gxh4 Nxh4 57. Kg3 Nf5+ 58. Kf2 Kf4 59. Bg4 Ng3 60. Bd1 e3+ 61. Ke1 Ne4 62. Bg4 Nxc3 63. Be6 g5 64. Bc4 Ne4 65. Bf1 Ng3 66. Bd3 Kf3 67. Bc4 e2 68. Bd5+ Ke3 69. h4 gxh4 70. Bg2 Kf4 71. Bh3 c4 72. Bg2 c3 73.
Bf3 c2 74. Kd2 c1=Q+ 75. Kxc1 e1=Q+ 0-1

[Event "*** Titled Tuesday Blitz"]
[Site "Chess.com"]
[Date "2021.04.06"]
[Round "2"]
[White "Aradhya2000"]
[Black "NishaOnYoutube"]
[Result "1-0"]
[WhiteElo "2605"]
[BlackElo "2248"]
[TimeControl "180+1"]
[EndTime "10:20:14 PDT"]
[Termination "Aradhya2000 won by checkmate"]

1. d4 f5 2. g3 g6 3. Bg2 Bg7 4. c4 c6 5. Nc3 d6 6. Nf3 Nh6 7. O-O O-O 8. Re1 Na6 9. e4 Nc7 10. e5 Nf7 11. exd6 exd6 12. h4 Bd7 13. d5 c5 14. Bf4 Bc8 15. Qd2 a6 16. a4 Re8 17. h5 Bd7 18. a5 Rxe1+ 19. Rxe1 Qf8 20. hxg6 hxg6 21. Nh4 Nh8 22. Bg5 Re8 23. Rxe8 Nxe8 24.
Bf3 Nf6 25. Ng2 Qe8 26. Nf4 Ne4 27. Bxe4 fxe4 28. Qe3 Bd4 29. Qxe4 Qxe4 30. Nxe4 Bxb2 31. Nxd6 Be5 32. Nxb7 Nf7 33. Be7 Bf5 34. Nxc5 Bd6 35. Bxd6 Nxd6 36. Nxa6 Nxc4 37. Nc5 Nxa5 38. d6 Nc6 39.
Nd5 Kf8 40. f4 Ke8 41. Kf2 Kd8 42. Kf3 Nd4+ 43. Ke3 Nc2+ 44. Kd2 Nd4 45. Ne3 Bc8 46.
Kd3 Nb5 47. Nc4 Bf5+ 48. Ke3 Bc8 49. Ke4 Bf5+ 50. Ke5 Ke8 51. Kf6 Kd8 52. Nb7+ Kc8 53. Nc5 Kd8 54. d7 Bxd7 55. Nxd7 Kxd7 56. Kxg6 Nd4 57.
f5 Ke7 58. g4 Ne2 59. Ne3 Nf4+ 60. Kg5 Nd5 61. Nxd5+ Kf7 62. Nf4 Kg7 63. Nh5+ Kf7 64. f6 Kf8 65. Kg6 Kg8 66. g5 Kf8 67. f7 Ke7 68. Kg7 Ke6 69. f8=Q Ke5 70. Qf6+ Ke4 71. Kf7 Ke3 72. g6 Ke2 73. g7 Kd2 74. g8=Q Kd1 75. Qgd8+ Kc1 76. Qc6+ Kb2 77. Qdb6+ Ka2 78. Qa8# 1-0

[Event "*** Titled Tuesday Blitz"]
[Site "Chess.com"]
[Date "2021.04.06"]
[Round "2"]
[White "Koalaskakistis"]
[Black "Konek-Gorbunok"]
[Result "1/2-1/2"]
[WhiteElo "2584"]
[BlackElo "2325"]
[TimeControl "180+1"]
[EndTime "10:20:15 PDT"]
[Termination "Game drawn - insufficient material"]

1. d4 d5 2. c4 e6 3. cxd5 exd5 4. Nc3 c6 5. Nf3 f5 6. g3 Nf6 7. Bg2 Be7 8. O-O O-O 9. a3 Be6 10. b4 Ne4 11. Bb2 Nd7 12. Ne1 Rc8 13. e3 Nd6 14. Nd3 Nc4 15. Bc1 a5 16. Nc5 Nxc5 17.
bxc5 b6 18. cxb6 Qxb6 19. Rb1 Qa7 20. Qa4 Nb6 21. Qc2 Nc4 22. Qa4 Nb6 23. Qb3 Rb8 24.
Qa2 Nc4 25. Re1 Rb7 26. Rxb7 Qxb7 27. Bf1 Rb8 28. e4 fxe4 29. Nxe4 Bf7 30. Ng5 Bxg5 31. Bxg5 Qb3 32. Qe2 h6 33. Be7 Re8 34. Qg4 Qc2 35. Bf6 Qg6 36. Rxe8+ Bxe8 37. Qxg6 Bxg6 38. Be7 Kf7 39.
Bc5 Bf5 40. Be2 Ke6 41. Bd1 Nd2 42. Ba4 Kd7 43. Kg2 Nb1 44. f3 Nc3 45. Bb3 Bd3 46.
g4 Bc4 47. Bc2 Nb5 48. h4 Nc7 49. g5 Ne6 50. Bb6 Ke7 51. gxh6 gxh6 52. Kg3 Kf7 53. Kg4 Be2 54. Bf5 Ng7 55. Bd7 Bb5 56. Kf4 a4 57. Ke5 Nh5 58. Kd6 Nf4 59. Bxc6 Bxc6 60. Kxc6 Ng2 61. Kxd5 Nxh4 62. Ke4 Ng6 63. d5 Nf8 64. f4 Nd7 65. Bf2 h5 66. Bh4 Nb6 67. f5 Nc4 68. d6 Nxd6+ 69. Kd5 Nb5 70. Kc5 Nxa3 71. Kb4 Nc2+ 72. Kxa4 Ne3 73. Kb4 Nxf5 74. Bf2 h4 75.
Kc3 h3 76. Bg1 h2 77. Bxh2 1/2-1/2

[Event "*** Titled Tuesday Blitz"]
[Site "Chess.com"]
[Date "2021.04.06"]
[Round "2"]
[White "Angry_Twin"]
[Black "Agibileg"]
[Result "1-0"]
[WhiteElo "2874"]
[BlackElo "2553"]
[TimeControl "180+1"]
[EndTime "10:20:17 PDT"]
[Termination "Angry_Twin won by resignation"]

1. e4 c5 2. Nf3 e6 3. d4 cxd4 4. Nxd4 Nc6 5. Nc3 a6 6. g3 Qc7 7. Bg2 d6 8. Nxc6 bxc6 9. O-O Nf6 10. Na4 Be7 11. c4 Bb7 12. c5 dxc5 13. Bf4 e5 14.
Be3 Nd7 15. Rc1 O-O 16. Nxc5 Nxc5 17. Bxc5 Bxc5 18. Rxc5 Rfd8 19. Qb3 Rd4 20. Rfc1 a5 21. h4 Rad8 22. Qc3 a4 23. Bf1 Rxe4 24. Bg2 Red4 25.
Bxc6 Bxc6 26. Rxc6 Qd7 27. Rc7 Qd5 28. Rc8 h6 29.
Qc7 Rxc8 30. Qxc8+ Kh7 31. h5 e4 32. Rc5 Rd1+ 33.
Kg2 Qd7 34. Qxd7 Rxd7 35. Rc4 f5 36. Rxa4 Rd2 37. Kf1 Rxb2 38. Ra5 Kg8 39. Rxf5 Rxa2 40. Re5 Ra4 41. Ke2 Kf7 42. Ke3 Kf6 43. Rxe4 Ra3+ 44. Kf4 Ra5 45. g4 Ra2 46. f3 Ra5 47. Rb4 Ra6 48. Ke4 Re6+ 49. Kf4 Ra6 50. Rd4 Rb6 51. Rd5 Ra6 52. Rf5+ Ke6 53. Rf8 Ra4+ 54. Kg3 Ke7 55. Rf4 Ra5 56. Rb4 Kf7 57. Rb6 Ra4 58. Rd6 Rc4 59.
Rd3 Ra4 60. Re3 Rb4 61. Re4 Rb5 62. Kf4 Kf6 63. Rd4 Ra5 64. Ke4 Ra6 65. Rc4 Re6+ 66.
Kd5 Re3 67. Rf4+ Kg5 68. Rf5+ Kh4 69. Kd4 Re7 70. Kd5 Kg3 71. Kd6 Ra7 72. Ke6 Ra8 73. Kf7 Rg8 74. Kxg8 1-0

[Event "*** Titled Tuesday Blitz"]
[Site "Chess.com"]
[Date "2021.04.06"]
[Round "2"]
[White "Matensien"]
[Black "Benjoneliere44"]
[Result "1-0"]
[WhiteElo "2385"]
[BlackElo "2614"]
[TimeControl "180+1"]
[EndTime "10:20:19 PDT"]
[Termination "Matensien won by resignation"]

1. Nf3 g6 2. d4 Nf6 3. c4 Bg7 4. g3 d5 5. cxd5 Nxd5 6. Bg2 Nb6 7. O-O Nc6 8. Nc3 Nxd4 9. Nxd4 Qxd4 10. a4 a6 11. a5 Qxd1 12. Rxd1 Bxc3 13. bxc3 Nc4 14. Bh6 Nd6 15. c4 f6 16. c5 Nb5 17. c6 Rb8 18. Be3 Kf7 19. Rac1 bxc6 20. Bxc6 Be6 21. h4 Nd6 22. Bf3 Rhc8 23. Rc6 Bc4 24. Rxc4 Nxc4 25. Bd5+ Kg7 26. Bxc4 Rb4 27. Bxa6 Ra8 28. Bd3 c5 29. Bxc5 Ra4 30. Bb6 e5 31. f3 f5 32. Rc1 e4 33.
Rc7+ Kf6 34. fxe4 fxe4 35. Bc4 Ke5 36. e3 Rf8 37. Bd4+ Kd6 38. Bb6 Ra1+ 39. Kg2 Re1 40. Rxh7 Rc1 41. Bb5 Rf5 42. Kh3 Rxb5 43. Rh6 Kd5 44.
Rxg6 Rb3 45. Rg5+ Kc6 46. Rg6+ Kb7 47. h5 Rh1+ 48. Kg4 Rb2 49. h6 Rbh2 50. Rg7+ Kc6 51. Rg6+ Kb5 52. Bd8 Rxh6 53. Rxh6 Rxh6 54. Bb6 Rf6 55.
Kg5 Rf3 56. g4 Kc6 57. Kh5 Kd7 58. g5 Ke6 59. Kg4 Rf1 60. a6 Rg1+ 61. Kf4 Ra1 62. a7 Ra4 63. Bd4 Kf7 64. Kxe4 Kg6 65. Kd5 Ra6 66.
Kc5 Ra5+ 67. Kb6 Ra4 68. Kb7 Rb4+ 69. Bb6 Kxg5 70. a8=Q Re4 71. Qd8+ Kg4 72. Qd3 Re7+ 73. Bc7 Rf7 74. Qd4+ Kf5 75. Qd5+ Kg6 76. Qxf7+ Kxf7 77. Kc6 Ke6 78. e4 Ke7 79. Kd5 Ke8 80. Bd6 1-0

[Event "*** Titled Tuesday Blitz"]
[Site "Chess.com"]
[Date "2021.04.06"]
[Round "2"]
[White "Hasangatin_Ramil"]
[Black "ChronicUnhappiness"]
[Result "1-0"]
[WhiteElo "2563"]
[BlackElo "2308"]
[TimeControl "180+1"]
[EndTime "10:20:34 PDT"]
[Termination "Hasangatin_Ramil won on time"]

1. e4 c5 2. Nf3 Nc6 3. Bb5 g6 4. O-O Bg7 5. c3 Nf6 6. Qa4 O-O 7. d4 cxd4 8. cxd4 d5 9. e5 Ne4 10. Bxc6 bxc6 11. Qxc6 Bg4 12. Be3 Rc8 13. Qa4 Qb6 14. Qa3 Rc2 15. h3 Be6 16. Nc3 Qxb2 17. Qxb2 Rxb2 18.
Na4 Rb4 19. Nc5 Nxc5 20. dxc5 d4 21. Bxd4 Rd8 22. Rfd1 Bd5 23. Be3 e6 24. Rac1 Rc8 25.
Bd4 Bxa2 26. c6 Bd5 27. Bxa7 Bxf3 28. gxf3 Bxe5 29. Rd7 Rc7 30. Be3 Kg7 31. Kg2 Rb5 32.
f4 Rxd7 33. cxd7 Bf6 34. Rd1 Bd8 35. Bc1 Kf6 36. Ba3 Rb7 37. Bf8 Rb5 38. Bh6 Rd5 39.
Rxd5 exd5 40. Bg5+ Ke6 41. Bxd8 Kxd7 42. Bf6 Ke6 43. Bd4 Kf5 44. Kf3 f6 45. Bc3 h5 46.
h4 Ke6 47. Ke3 Kf5 48. f3 Ke6 49. Bb4 Kf5 50. Bd6 Ke6 51. Bb8 Kf5 52. Kd4 g5 53. fxg5 fxg5 54. hxg5 Kxg5 55. Ke5 h4 56. f4+ Kg4 57. f5 d4 58. Ke6 d3 59. f6 d2 60. f7 d1=Q 61. f8=Q Qe2+ 62. Kd7 Qd3+ 63. Kc8 Qc4+ 64. Bc7 Qe6+ 65. Kb8 Qf5 66. Qg7+ Kf3 67. Qc3+ Kg4 68. Qd2 Qf3 69. Qd7+ Qf5 70. Qg7+ Qg5 71. Qc3 Qf5 72. Qc1 Qf3 73. Qg1+ Kf5 74. Qh2 Qg4 75. Qe5+ Kg6 76. Qd6+ Kf5 77. Qe7 1-0

[Event "*** Titled Tuesday Blitz"]
[Site "Chess.com"]
[Date "2021.04.06"]
[Round "2"]
[White "NiranjanNavalgund"]
[Black "Abund"]
[Result "0-1"]
[WhiteElo "2506"]
[BlackElo "2741"]
[TimeControl "180+1"]
[EndTime "10:20:42 PDT"]
[Termination "Abund won on time"]

1. e4 c5 2. d4 cxd4 3. c3 dxc3 4.
Nf3 Nc6 5. Bc4 e6 6. O-O a6 7. Nxc3 b5 8. Bb3 Bb7 9. Bg5 Nge7 10. Qe2 f6 11. Be3 Ng6 12. Nd5 exd5 13. exd5 Nce5 14. Nd4 Bd6 15. Nf5 Qb8 16. f4 O-O 17.
fxe5 fxe5 18. Qh5 Rf6 19. Nh6+ Kf8 20. Rxf6+ gxf6 21. Rf1 Be7 22. Ng4 Kg7 23. Qh6+ Kh8 24. Nxf6 Bxf6 25. Rxf6 Qg8 26. d6 Qg7 27. Qg5 Rf8 28.
Rxf8+ Qxf8 29. Bc5 Kg7 30. Qg4 Bc6 31. h4 Qf4 32. Qxf4 Nxf4 33. g3 Nd3 34. Be3 Nxb2 35.
h5 Nd3 36. h6+ Kf6 37. g4 e4 38.
Kh2 Kg6 39. Kg3 Nb4 40. g5 Bd5 41. Bd1 Bxa2 42. Kh4 Kf7 43. Bh5+ Kg8 44. g6 Be6 45.
Kg5 Nc6 46. Bc1 Ne5 47. gxh7+ Kxh7 48. Kf6 Ng4+ 49. Ke7 Nxh6 50. Be8 Nf5+ 51. Kf6 Nxd6 52. Bg6+ Kg8 53. Ke5 Nc4+ 54. Kxe4 a5 55. Kd4 Kg7 56. Bd3 Kf6 57. Bh6 Ke7 58. Bg5+ Kd6 59. Be4 Kc7 60. Bf4+ Kb6 61. Bg3 a4 62. Kc3 Kc5 63. Bf2+ Kd6 64. Kb4 Ke5 65. Bd3 a3 66. Bb1 Nd2 67. Bg3+ Kd4 68.
Bf2+ Ke5 69. Bg3+ Kf6 70. Bh4+ Kg7 71. Bd3 a2 72. Bg3 a1=Q 73. Kc5 Qf6 74. Kd6 Nb3 75. Be5 Nd4 0-1

[Event "*** Titled Tuesday Blitz"]
[Site "Chess.com"]
[Date "2021.04.06"]
[Round "2"]
[White "beautroll"]
[Black "parintele_chess"]
[Result "1/2-1/2"]
[WhiteElo "2454"]
[BlackElo "2251"]
[TimeControl "180+1"]
[EndTime "10:20:55 PDT"]
[Termination "Game drawn by repetition"]

1. e4 c5 2. Nf3 Nc6 3. d4 cxd4 4. Nxd4 Nf6 5. Nc3 h5 6. Bg5 Qa5 7. f4 Nxe4 8. Nb3 Nxc3 9. Qd2 Qb4 10. bxc3 Qe4+ 11.
Be2 Qxg2 12. O-O-O e6 13. Qe3 Ba3+ 14. Kb1 Ne7 15.
Rhg1 Qc6 16. Bf3 Qb5 17. Bxe7 Bxe7 18. Rxg7 Bf6 19. Rg2 a5 20. Rd5 Qf1+ 21. Rd1 Qb5 22. Rd5 Qf1+ 23. Rd1 Qc4 24. Kb2 a4 25. Be2 a3+ 26. Kb1 Qxc3 27. Qxc3 Bxc3 28. f5 d5 29. fxe6 Bxe6 30. Bb5+ Ke7 31. Re2 Rad8 32. Re3 Bf6 33. Nc5 b6 34. Nxe6 fxe6 35. Rde1 Rd6 36. Bd3 e5 37. Bf5 e4 38. h3 Ra8 39. c4 Ra5 40.
cxd5 Rb5+ 41. Kc2 Rdxd5 42. Rxe4+ Re5 43. Rxe5+ Rxe5 44. Rxe5+ Bxe5 45. Kb3 Bd6 46. Kc4 Kf6 47. Bd7 Bc5 48. Kb3 Kg5 49. Bc8 Kf4 50. Bd7 Kg3 51. Bc8 Kh4 52. Bd7 Kg5 53. Bc8 Kf6 54. Bd7 Bd6 55. Bc8 Bf8 56. Bd7 Be7 57. Bc8 Ke5 58. Bd7 Kd6 59. Bf5 Ke5 60. Bd7 Kd4 61. Bc8 b5 62. Bd7 b4 63. Bc8 Ke3 64. Bd7 h4 65.
Bc8 Kf4 66. Bd7 Ke4 67. Bc8 Bd6 68. Bd7 Bf8 69. Bc8 Kd3 70. Bd7 Kd2 71. Bc8 Kc1 72. Bf5 Be7 73. Be6 Bf6 74. Bd7 Be7 75. Be6 Kd2 76.
Bd7 Ke3 77. Be6 Ke4 78. Bd7 Kf4 79. Bc8 Kg3 80. Bd7 Kf2 81. Be6 Ke2 82. Bd7 Ke3 1/2-1/2